 Dungeon Crawl Stone Soup version 0.18-a0-1027-g814d7dd (console) character file.

9096 FIQ the Geomancer (level 11, -3/68 HPs)
             Began as a Formicid Earth Elementalist on Jan 8, 2016.
             Was a Follower of Ashenzari.
             Slain by a sheep (11 damage)
             ... on level 1 of the Lair of Beasts.
             The game lasted 01:44:44 (11780 turns).

FIQ the Geomancer (Formicid Earth Elementalist)    Turns: 11780, Time: 01:44:44

Health: -3/68      AC:  4    Str: 15    XL:     11   Next: 68%
Magic:  22/22      EV: 18    Int: 18    God:    Ashenzari [*.....]
Gold:   540        SH:  0    Dex: 13    Spells: 6 memorised, 7 levels left

rFire  . . .     SeeInvis +     j - +3 quarterstaff (chaos) (curse)
rCold  . . .     Gourm    .     a - +0 robe (curse)
rNeg   . . .     Faith    .     (no shield)
rPois  .         Spirit   .     (helmet unavailable)
rElec  .         Dismiss  +     v - +1 cloak {+Inv} (curse)
rCorr  .         Reflect  .     (no gloves)
SustAt .         Harm     .     (no boots)
MR     +++..                    C - amulet of dismissal (curse)
Stlth  +++++.....               L - ring of flight (curse)
                                w - ring of protection from magic (curse)

@: extremely resistant to hostile enchantments, quite stealthy
A: permanent stasis, dig shafts and tunnels, four strong arms, antennae 3,
talons 2, repulsion field 1, agile 1, magic resistance 1, strong 1
a: Dig, Shaft Self, Scrying, Renounce Religion, Evoke Invisibility, Evoke Flight


You were on level 1 of the Lair of Beasts.
You worshipped Ashenzari.
Ashenzari was aware of your devotion.
You were not hungry.

You visited 3 branches of the dungeon, and saw 12 of its levels.

You collected 540 gold pieces.

Inventory:

Hand Weapons
 j - a cursed +3 quarterstaff of chaos (weapon)
 A - the +6 short sword of Tegoic {pain, -Tele +Inv rN++}
   (You found it on level 4 of the Dungeon)

   In the hands of one skilled in necromantic magic, it inflicts extra damage on
   living creatures.
   It greatly protects you from negative energy.
   It lets you turn invisible.
   It prevents most forms of teleportation.
Missiles
 g - 113 stones (quivered)
Armour
 a - a cursed +0 robe (worn)
 k - a +0 leather armour
 v - a cursed +1 cloak of invisibility (worn)
Jewellery
 w - a cursed ring of protection from magic (left hand)
 y - an uncursed amulet of guardian spirit
 C - a cursed amulet of dismissal (around neck)
 E - an uncursed ring of ice
 L - a cursed ring of flight (right hand)
 V - an uncursed ring of magical power
Wands
 p - a wand of paralysis (12/24)
 r - a wand of flame (25/48)
 t - a wand of cold (6/15)
 u - a wand of fire (7/15)
 F - a wand of fire (6/15)
 W - a wand of lightning (10/15)
Scrolls
 e - 3 scrolls of remove curse
 f - 2 scrolls of teleportation
 i - a scroll of enchant armour
 m - 2 scrolls of immolation
 q - 4 scrolls of noise
 x - 3 scrolls of recharging {unknown}
 z - 3 scrolls of curse weapon
 B - 3 scrolls of identify
 H - a scroll of random uselessness {unknown}
 O - a scroll of vulnerability {unknown}
 T - a scroll of fear {unknown}
 U - a scroll of magic mapping {unknown}
Potions
 b - a potion of degeneration
 o - 2 potions of magic
 s - a potion of brilliance
 D - a potion of lignification
 G - a potion of cure mutation
 I - a potion of berserk rage
 M - a potion of flight
Books
 c - a book of Geomancy

   Spells                             Type                      Level
   a - Sandblast                      Earth                        1
   b - Stoneskin                      Transmutation/Earth          2
   c - Passwall                       Transmutation/Earth          3
   d - Stone Arrow                    Conjuration/Earth            3
   e - Petrify                        Transmutation/Earth          4
   f - Lee's Rapid Deconstruction     Earth                        5
 d - a book of Alchemy

   Spells                             Type                      Level
   a - Sublimation of Blood           Necromancy                   2
   b - Ignite Poison                  Fire/Transmutation/Poison    3
   c - Alistair's Intoxication        Transmutation/Poison         4
   d - Condensation Shield            Ice                          4
   e - Petrify                        Transmutation/Earth          4
   f - Irradiate                      Conjuration/Transmutation    5
 n - a book of Callings

   Spells                             Type                      Level
   a - Summon Small Mammal            Summoning                    1
   b - Call Imp                       Summoning                    2
   c - Call Canine Familiar           Summoning                    3
   d - Summon Guardian Golem          Hexes/Summoning              3
   e - Summon Lightning Spire         Summoning/Air                4
   f - Summon Ice Beast               Ice/Summoning                4
 N - a book of Flames

   Spells                             Type                      Level
   a - Flame Tongue                   Conjuration/Fire             1
   b - Throw Flame                    Conjuration/Fire             2
   c - Conjure Flame                  Conjuration/Fire             3
   d - Inner Flame                    Hexes/Fire                   3
   e - Sticky Flame                   Conjuration/Fire             4
   f - Fireball                       Conjuration/Fire             5
 P - an Akashic Record

   Spells                             Type                      Level
   a - Dispersal                      Translocation                6
   b - Malign Gateway                 Summoning/Translocation      7
   c - Disjunction                    Translocation                8
   d - Controlled Blink               Translocation                8
 R - a book of Annihilations

   Spells                             Type                      Level
   a - Poison Arrow                   Conjuration/Poison           6
   b - Chain Lightning                Conjuration/Air              8
   c - Lehudib's Crystal Spear        Conjuration/Earth            8
   d - Glaciate                       Conjuration/Ice              9
   e - Fire Storm                     Conjuration/Fire             9
 S - a Necronomicon

   Spells                             Type                      Level
   a - Haunt                          Necromancy/Summoning         7
   b - Borgnjor's Revivification      Necromancy                   8
   c - Death's Door                   Charms/Necromancy            8
   d - Necromutation                  Transmutation/Necromancy     8
Miscellaneous
 K - a plain deck of changes
Comestibles
 h - 2 meat rations
 l - 4 chunks of flesh
 J - 10 bread rations


   Skills:
 + Level 7.5 Dodging
 + Level 10.4 Stealth
 + Level 7.9 Spellcasting
 - Level 1.1 Transmutations
 * Level 13.4 Earth Magic


You had 7 spell levels left.
You knew the following spells:

 Your Spells              Type           Power        Failure   Level  Hunger
a - Sandblast             Erth           ######       1%          1    None
b - Stone Arrow           Conj/Erth      ####..       1%          3    #......
c - Petrify               Trmt/Erth      ####....     6%          4    ###....
d - Lee's Rapid Deconstr  Erth           ######....   1%          5    #####..
e - Passwall              Trmt/Erth      ####......   1%          3    #......
f - Stoneskin             Trmt/Erth      ####....     1%          2    None


Dungeon Overview and Level Annotations

Branches:
Dungeon (10/15)            Temple (1/1) D:7            Lair (1/8) D:10
    Orc: D:9-12

Altars:
Ashenzari
Cheibriados
Dithmenos
Elyvilon
Fedhas
Gozag
Kikubaaqudgha
Makhleb
Nemelex Xobeh
Okawaru
Pakellas
Qazlal
Ru
Sif Muna
Trog
Vehumet
Xom
Yredelemnul
Zin
The Shining One

Shops:
D:4 *


Innate Abilities, Weirdness & Mutations

You are under a permanent stasis effect.
You can dig through walls and to a lower floor.
Your four strong arms can wield two-handed weapons with a shield.
You have a pair of large antennae on your head (SInv).
You have razor-sharp toenails.
You are surrounded by a mild repulsion field (EV +2).
You are agile. (Dex +2)
You are resistant to hostile enchantments.
Your muscles are strong. (Str +2)


Message History

You completely miss the sheep. You claw the sheep, but do no damage.
The sheep bites you but does no damage. The sheep bites you.
You hit the sheep.
The sheep seems to speed up.
You claw the sheep.
The sheep is lightly wounded.
The sheep misses you. The sheep bites you. The sheep misses you.
You barely miss the sheep.
The sheep is lightly wounded.
The sheep completely misses you. The sheep bites you.
The sheep closely misses you. The sheep bites you.
You barely miss the sheep.
The sheep is lightly wounded.
The sheep seems less confused.
The sheep bites you. The sheep misses you. The sheep closely misses you.
The sheep bites you!
* * * LOW HITPOINT WARNING * * *
You are too injured to fight recklessly!
The sheep closely misses you. The sheep bites you.
* * * LOW HITPOINT WARNING * * *
The sheep bites you but does no damage. The sheep completely misses you.
The sheep completely misses you. The sheep bites you!
You die...

###################.#
#....................
#..<.................
#..................#
#..................#.
##..........@.........
#............YY.......
##..###.####.#Y.#.###
##..# ## ####.Y#
#...#######.P#..#########.
##........................
#........................
#...####P.#P.####..#####.#
##... ####### #..# ###
#..#. #####.(########P#
#..... .......†..........


You could see 4 sheep.

Vanquished Creatures
  The ghost of bezhaha the Spear-Bearer, a novice OpCK of Xom (D:9)
  An unseen horror (D:10)
  Pikel (D:4)
  An ugly thing (D:10)
  Psyche (D:9)
  The ghost of Leszczynek the Spear-Bearer, a novice DsGl (D:6)
  A komodo dragon (Lair:1)
  2 trolls (D:10)
  A two-headed ogre (D:8)
  Grinder (D:4)
  Sigmund (D:2)
  A shadow (D:10)
  A spriggan (D:7)
  Grum (D:9)
  3 hippogriffs (D:8)
  Menkaure (D:4)
  Edmund (D:4)
  4 wolves (D:8)
  Duvessa (D:5)
  Purgy (D:4)
  A wasp (D:10)
  3 sky beasts
  2 slaves (D:4)
  An ice beast (D:6)
  4 phantoms
  A necrophage (D:10)
  5 ogres
  A centaur (D:9)
  A big kobold (D:8)
  5 giant frogs
  Dowan (D:5)
  A water moccasin zombie (D:6)
  2 scorpions
  5 killer bees (D:8)
  2 crimson imps
  2 quasits
  A hound (shapeshifter) (D:8)
  2 jellies
  Crazy Yiuf (D:3)
  9 hounds
  4 orc priests
  An orc wizard (D:6)
  A centaur skeleton (D:8)
  2 giant frog skeletons
  Natasha (twice) (D:4)
  An iguana (D:4)
  8 worker ants
  A killer bee zombie (D:5)
  2 sheep (Lair:1)
  A hound zombie (D:5)
  Robin (D:3)
  3 worker ant zombies
  5 gnolls
  13 adders
  2 shadow imps (D:10)
  An adder zombie (D:8)
  A worm (D:2)
  3 giant geckos
  18 orcs
  9 giant cockroaches
  10 goblins
  7 hobgoblins
  6 jackals
  3 quokkas
  A ball python (D:2)
  8 bats
  A giant cockroach zombie (D:6)
  4 giant newts
  A jackal skeleton (D:8)
  12 kobolds
  10 rats
218 creatures vanquished.

Vanquished Creatures (others)
  A centaur (D:8)
  Natasha (D:4)
  An adder (D:4)
  An orc (D:6)
  A quokka (D:4)
5 creatures vanquished.

Grand Total: 223 creatures vanquished

Notes
Turn   | Place    | Note
--------------------------------------------------------------
     0 | D:1      | FIQ the Formicid Earth Elementalist began the quest for the Orb.
     0 | D:1      | Reached XP level 1. HP: 13/13 MP: 3/3
   376 | D:1      | Reached XP level 2. HP: 19/19 MP: 3/5
   504 | D:1      | Reached skill level 4 in Earth Magic
   791 | D:1      | Reached XP level 3. HP: 7/24 MP: 3/6
   846 | D:1      | Learned a level 3 spell: Stone Arrow
  1943 | D:2      | Reached XP level 4. HP: 25/30 MP: 0/7
  2283 | D:2      | Noticed Sigmund
  2288 | D:2      | Gained mutation: You have sharp toenails. [potion of mutation]
  2288 | D:2      | Gained mutation: You are robust (+10% HP). [potion of mutation]
  2301 | D:2      | Killed Sigmund
  2301 | D:2      | Reached skill level 5 in Earth Magic
  2301 | D:2      | Reached XP level 5. HP: 6/38 MP: 0/9
  2301 | D:2      | Reached XP level 6. HP: 7/45 MP: 0/10
  2419 | D:2      | Found a bloodstained altar of Trog.
  2577 | D:3      | Found a shattered altar of Ashenzari.
  2870 | D:3      | Noticed Robin
  2888 | D:3      | Killed Robin
  2888 | D:3      | Reached skill level 6 in Earth Magic
  2993 | D:3      | Found a shimmering altar of Xom.
  3088 | D:3      | Noticed Crazy Yiuf
  3101 | D:3      | Killed Crazy Yiuf
  3318 | D:4      | Noticed Purgy
  3328 | D:4      | Noticed Grinder
  3330 | D:4      | Killed Purgy
  3330 | D:4      | Reached XP level 7. HP: 44/50 MP: 7/12
  3353 | D:4      | Killed Grinder
  3353 | D:4      | Reached skill level 5 in Stealth
  3353 | D:4      | Reached skill level 7 in Earth Magic
  3900 | D:4      | Noticed Pikel
  4022 | D:4      | Killed Pikel
  4022 | D:4      | Reached skill level 8 in Earth Magic
  4022 | D:4      | Reached XP level 8. HP: 44/57 MP: 8/15
  4066 | D:4      | Noticed Edmund
  4079 | D:4      | Killed Edmund
  4105 | D:4      | Found Tydyh Sir's Assorted Antiques.
  4155 | D:4      | Noticed Natasha
  4158 | D:4      | Killed Natasha
  4307 | D:4      | Killed Natasha
  4313 | D:4      | Noticed Menkaure
  4317 | D:4      | Killed Menkaure
  4317 | D:4      | Reached skill level 5 in Spellcasting
  4317 | D:4      | Reached skill level 9 in Earth Magic
  4317 | D:4      | Reached XP level 9. HP: 62/62 MP: 12/16
  4319 | D:4      | Noticed Natasha
  4326 | D:4      | Killed Natasha
  4395 | D:3      | Became a worshipper of Ashenzari the Shackled
  4517 | D:4      | Identified the +6 short sword of Tegoic {pain, -Tele +Inv rN++}
  4786 | D:5      | Entered Level 5 of the Dungeon
  4895 | D:5      | Noticed Duvessa
  4899 | D:5      | Noticed Dowan
  4901 | D:5      | Killed Duvessa
  4916 | D:5      | Killed Dowan
  4950 | D:5      | Reached skill level 5 in Dodging
  5342 | D:5      | Found a sparkling altar of Nemelex Xobeh.
  5555 | D:6      | Noticed Leszczynek's ghost (novice DsGl)
  5755 | D:6      | Killed Leszczynek's ghost
  5755 | D:6      | Reached skill level 10 in Earth Magic
  6056 | D:6      | Found a glowing silver altar of Zin.
  6062 | D:6      | Learned a level 4 spell: Petrify
  6068 | D:6      | Learned a level 5 spell: Lee's Rapid Deconstruction
  6072 | D:6      | Learned a level 3 spell: Passwall
  6244 | D:6      | Reached XP level 10. HP: 66/69 MP: 7/18
  6566 | D:7      | Reached * piety under Ashenzari
  6882 | D:7      | Reached skill level 11 in Earth Magic
  6980 | D:7      | Found a staircase to the Ecumenical Temple.
  6986 | Temple   | Entered the Ecumenical Temple
  7181 | D:7      | Gained mutation: You are partially covered in yellow scales (AC +2). [potion of mutation]
  7181 | D:7      | Gained mutation: Your muscles are strong. (Str +2) [potion of mutation]
  7181 | D:7      | Lost mutation: You are robust (+10% HP). [potion of mutation]
  7218 | D:8      | Gained mutation: You occasionally shout uncontrollably at your foes. [mutagenic meat]
  7219 | D:8      | Gained mutation: You have razor-sharp toenails. [mutagenic meat]
  7220 | D:8      | Gained mutation: You are surrounded by a mild repulsion field (EV +2). [mutagenic meat]
  7222 | D:8      | Lost mutation: You are partially covered in yellow scales (AC +2). [mutagenic meat]
  7223 | D:8      | Gained mutation: You are partially covered in iridescent scales (AC +4). [mutagenic meat]
  7406 | D:8      | Gained mutation: You are agile. (Dex +2) [mutagenic meat]
  7407 | D:8      | Gained mutation: You are resistant to hostile enchantments. [mutagenic meat]
  7408 | D:8      | Lost mutation: You are agile. (Dex +2) [mutagenic meat]
  7409 | D:8      | Lost mutation: You are partially covered in iridescent scales (AC +4). [mutagenic meat]
  7410 | D:8      | Gained mutation: Your spells are a little harder to cast, but a little more powerful. [mutagenic meat]
  7643 | D:8      | Lost mutation: You occasionally shout uncontrollably at your foes. [mutagenic meat]
  7644 | D:8      | Gained mutation: You are agile. (Dex +2) [mutagenic meat]
  7645 | D:8      | Lost mutation: Your spells are a little harder to cast, but a little more powerful. [mutagenic meat]
  8379 | D:8      | Found a stormy altar of Qazlal.
  8596 | D:9      | Noticed Grum
  8596 | D:9      | Noticed Psyche
  8687 | D:8      | Reached skill level 12 in Earth Magic
  9160 | D:9      | Killed Grum
  9160 | D:9      | Reached XP level 11. HP: 19/68 MP: 5/21
  9444 | D:9      | Noticed bezhaha's ghost (novice OpCK)
  9469 | D:9      | Killed bezhaha's ghost
  9679 | D:9      | Killed Psyche
  9907 | D:10     | Entered Level 10 of the Dungeon
  9966 | D:10     | Noticed an unseen horror
  9996 | D:10     | Killed an unseen horror
  9996 | D:10     | Reached skill level 10 in Stealth
  9996 | D:10     | Reached skill level 13 in Earth Magic
 10064 | D:10     | Noticed a purple ugly thing
 10081 | D:10     | Noticed a centaur warrior
 10812 | D:10     | Noticed a hill giant
 10844 | D:10     | Learned a level 2 spell: Stoneskin
 10956 | D:10     | Killed a purple ugly thing
 11040 | D:10     | Noticed a centaur warrior
 11590 | D:10     | Found a staircase to the Lair.
 11611 | Lair:1   | Entered Level 1 of the Lair of Beasts
 11780 | Lair:1   | Slain by a sheep

Vault maps used:
D:1:      minmay_arrival_open_corners, minmay_liquid_box, grunt_decor_arrowhead
D:2:      bloody_trog, uniq_sigmund
D:3:      xom_teletrap_fun, cheibrodos_ashenzari_chains,
          uniq_crazy_yiuf_cottage, uniq_robin
D:4:      serial_shops, shop, uniq_grinder, uniq_pikel, uniq_edmund,
          uniq_natasha, uniq_purgy, uniq_menkaure
D:5:      first_bread, nemelex_deck, uniq_duvessa
D:6:      basic_altar
D:7:      temple_fountains, the_bakery
D:8:      nicolae_qazlal_eye_of_the_storm, mrwooster_statue_mirror
D:9:      uniq_grum, uniq_psyche
D:10:     hangedman_cross_cluster
Temple:   lightli_temple_of_artemis
Lair:1:   minmay_lair_oklob_tunnel

Action                   |  1- 3 |  4- 6 |  7- 9 | 10-12 || total
-------------------------+-------+-------+-------+-------++-------
Melee: Unarmed           |    55 |       |       |       ||    55
       Quarterstaff      |       |       |   119 |   269 ||   388
 Cast: Sandblast         |    58 |    67 |    10 |       ||   135
       Stone Arrow       |     5 |     1 |    74 |   140 ||   220
       Lee's Rapid Decon |       |       |     1 |     6 ||     7
       Petrify           |       |       |       |    14 ||    14
       Stoneskin         |       |       |       |     1 ||     1
 Abil: Dig               |     3 |     1 |     1 |     4 ||     9
  Use: Scroll            |       |     3 |     5 |     9 ||    17
       Potion            |       |     2 |     3 |     3 ||     8
 Stab: Sleeping          |       |       |       |     3 ||     3
       Petrifying        |       |       |       |     1 ||     1
       Petrified         |       |       |       |     1 ||     1
       Paralysed         |       |       |       |     1 ||     1
  Eat: Chunk             |     5 |     5 |    13 |    30 ||    53
       Royal jelly       |       |       |     1 |       ||     1
       Fruit             |       |       |       |     5 ||     5
       Beef jerky        |       |       |       |     1 ||     1
       Pizza             |       |       |       |     3 ||     3
